BlackHawks vs Avalanche

Created - April-06-13 at 10:21

Goals
1 2 3 OT1 SO T
BlackHawks 3 1 0 0 2 5
Avalanche 1 2 1 0 0 4
Shots
1 2 3 OT1 SO T
BlackHawks 13 8 6 1 3 28
Avalanche 6 5 10 1 2 22

1st period

1. Avalanche , Brayden Schenn 3 (Milan Jurcina, Chris Stewart) at 3:46
2. BlackHawks , Bryan Little 26 (Chris Campoli) at 5:56 (PP)
3. BlackHawks , Louis Leblanc 5 (Brett Clark, Chris Campoli) at 15:25
4. BlackHawks , Jay McClement 11 (Brandon Yip, Mika Zibanejad) at 17:45

Penalties :
Kevin Shattenkirk (COL) for High sticking (Minor) at 4:08

2nd period

5. Avalanche , Michael Del Zotto 14 (Kevin Shattenkirk, Kyle Turris) at 8:31 (PP)
6. Avalanche , Marian Hossa 21 (Kevin Shattenkirk) at 12:44
7. BlackHawks , Zach Parise 33 (Bryan Little, P.K. Subban) at 19:58

Penalties :
Brayden McNabb (COL) for Slashing (Minor) at 2:40, Brandon Yip (CHI) for Hooking (Minor) at 8:21, Brandon Yip (CHI) for Hooking (Minor) at 8:46, P.K. Subban (CHI) for Boarding (Minor) at 13:26

3rd period

8. Avalanche , Michael Del Zotto 15 (Kevin Shattenkirk, Marian Hossa) at 8:04 (PP)

Penalties :
Mark Eaton (CHI) for Hooking (Minor) at 6:54, Derek Stepan (COL) for Hooking (Minor) at 9:35, Milan Jurcina (COL) for Holding (Minor) at 16:14

Overtime #1

No Goal

Penalties :
No Penalty

Shootout

Penalty Shot by Zach Parise for BlackHawks - Stopped by Antti Niemi
Penalty Shot by Marian Hossa for Avalanche - Shot Misses the Net
Penalty Shot by Bryan Little for BlackHawks - Goal!
Penalty Shot by Teemu Selanne for Avalanche - Shot Misses the Net
Penalty Shot by Jamie McGinn for BlackHawks - Goal!

Penalties :
No Penalty

Goalie Stats

Martin Brodeur (CHI), 18 saves from 22 shots - (0.818), W, 11-13-1, 65:00 minutes
Antti Niemi (COL), 24 saves from 28 shots - (0.857), OTL, 26-19-11, 65:00 minutes

Players Stats for BlackHawks

Player Name              G  A  P  +/- PIM S  H  SB GA TA FO     MP     PP MP  PK MP  
------------------------------------------------------------------------------------
Anton Babchuk            0  0  0   0  0   0  2  0  0  0  0/0    18:39   0:00   2:29 
Brandon Yip              0  1  1   1  4   0  1  0  0  0  0/1     9:32   0:00   0:00 
Brett Clark              0  1  1   1  0   1  3  0  0  0  0/0    23:44   3:23   2:41 
Bryan Little             1  1  2   0  0   5  0  0  0  0  1/3    23:55   3:54   0:00 
Chris Campoli            0  2  2   1  0   1  3  0  0  0  0/0    21:24   3:23   0:18 
Daniel Paille            0  0  0   1  0   0  0  0  0  0  0/0     7:05   0:00   1:03 
Darren Helm              0  0  0   0  0   2  4  0  0  0  17/33  20:50   3:54   0:00 
Jack Hillen              0  0  0   0  0   0  1  0  0  0  0/0    25:15   4:22   2:46 
Jamie McGinn             0  0  0  -1  0   2  0  1  0  0  1/1    21:15   3:51   1:04 
Jay McClement            1  0  1   1  0   1  0  0  0  0  5/15   10:38   0:00   1:04 
Louis Leblanc            1  0  1   1  0   2  0  0  0  0  0/1     8:49   0:00   3:29 
Mark Eaton               0  0  0   0  2   0  2  0  0  0  0/0    12:51   0:00   0:44 
Mika Zibanejad           0  1  1   1  0   0  1  0  0  0  3/7    13:25   3:51   0:00 
P.K. Subban              0  1  1   0  2   2  8  0  0  0  0/0    28:05   4:22   1:38 
Samuel Pahlsson          0  0  0   1  0   1  0  0  0  0  6/10    6:33   0:00   0:00 
Simon Gagne              0  0  0  -1  0   4  0  0  0  0  0/2    19:40   3:51   0:00 
Tyler Kennedy            0  0  0  -1  0   0  0  0  0  0  5/16   15:07   0:00   0:00 
Zach Parise              1  0  1   0  0   7  2  0  0  0  4/10   27:51   3:54   3:56 

Players Stats for Avalanche

Player Name              G  A  P  +/- PIM S  H  SB GA TA FO     MP     PP MP  PK MP  
------------------------------------------------------------------------------------
Brayden McNabb           0  0  0   1  2   0  3  3  0  0  0/0    15:47   0:00   2:24 
Brayden Schenn           1  0  1   1  0   1  0  0  0  0  2/3    11:11   0:00   0:59 
Chris Stewart            0  1  1   1  0   2  3  0  0  0  0/1    10:02   0:00   0:00 
Cody Hodgson             0  0  0   1  0   2  0  0  0  0  9/14   10:02   0:00   0:00 
Derek Stepan             0  0  0  -1  2   1  2  0  0  0  18/28  23:58   2:40   2:23 
John Carlson             0  0  0  -2  0   0  3  4  0  0  0/0    24:55   2:33   4:01 
Justin Abdelkader        0  0  0  -1  0   1  0  0  0  0  5/8     5:39   0:00   0:00 
Kevin Shattenkirk        0  3  3   0  2   1  1  1  0  0  0/0    27:28   2:45   4:32 
Kyle Turris              0  1  1   0  0   2  1  0  0  0  20/38  22:59   2:38   4:38 
Marcus Foligno           0  0  0   0  0   0  1  0  0  0  1/2    15:51   2:38   0:00 
Marcus Johansson         0  0  0  -1  0   0  0  1  0  0  1/3    20:43   2:40   0:00 
Marian Hossa             1  1  2  -1  0   3  0  2  0  0  0/0    25:09   2:40   2:49 
Matt Gilroy              0  0  0  -2  0   0  2  0  0  0  0/0    19:30   2:33   0:00 
Matt Halischuk           0  0  0  -1  0   3  0  0  0  0  1/2     7:59   0:00   0:00 
Michael Del Zotto        2  0  2   0  0   2  4  1  0  0  0/0    27:30   2:45   4:33 
Milan Jurcina            0  1  1   1  2   1  0  2  0  0  0/0    14:47   0:00   0:00 
Ryan White               0  0  0  -1  0   0  1  0  0  0  0/0     7:16   0:00   0:00 
Teemu Selanne            0  0  0   0  0   3  0  0  0  0  0/0    21:25   2:38   4:41 

3 Stars

1 - Michael Del Zotto (COL)
2 - Chris Campoli (CHI)
3 - Bryan Little (CHI)

Power Play

BlackHawks - 1 on 4 Attempt(s) - 25.00%
Avalanche - 2 on 4 Attempt(s) - 50.00%

Penalty Kill

BlackHawks - 2 on 4 Attempt(s) - 50.00% - Score 0 goal in Penalty Kill
Avalanche - 3 on 4 Attempt(s) - 75.00% - Score 0 goal in Penalty Kill

Official

Referees : Justin StPierre and Tim Peel
Linesman : Mike Cvik and Brian Mach

Game Notes

No Game Note

Finance

Level 1 -- Attendance: 6500 (100.00%) -- Ticket Income $663,000
Level 2 -- Attendance: 4685 (93.70%) -- Ticket Income $351,375
Level 3 -- Attendance: 3208 (91.66%) -- Ticket Income $176,440
Level 4 -- Attendance: 2007 (100.00%) -- Ticket Income $90,315
Luxury Box -- Attendance: 1000 (100.00%) -- Ticket Income $200,000
Game was played at the Pepsi Center
Total Attendance: 17400 (96.63%)
Total Ticket Income: $1,481,130
Other Income: $222,170
Total Income: $1,703,300


% Time on Ice - BlackHawks

Lines # - Real PCT - Wanted PCT - Time Play
Normal Forward
1 - 36% - 40% - 16:56
2 - 32% - 30% - 15:07
3 - 20% - 20% - 9:34
4 - 11% - 10% - 5:20
Normal Defense
1 - 35% - 40% - 16:33
2 - 33% - 30% - 15:28
3 - 23% - 20% - 10:36
4 - 9% - 10% - 4:20
PP Forward
1 - 50% - 60% - 3:54
2 - 50% - 40% - 3:51
PP Defense
1 - 56% - 60% - 4:22
2 - 44% - 40% - 3:23
PK Forward
1 - 80% - 60% - 4:14
2 - 20% - 40% - 1:04
PK Defense
1 - 35% - 60% - 1:51
2 - 65% - 40% - 3:27
PK3 Forward
1 - 0% - 60%
2 - 0% - 40%
PK3 Defense
1 - 0% - 60%
2 - 0% - 40%
44 Forward
1 - 76% - 60% - 3:47
2 - 24% - 40% - 1:13
44 Defense
1 - 56% - 60% - 2:48
2 - 44% - 40% - 2:12
Last Minute Offensive  - 0:00
Last Minute Defensive  - 0:00
Total
Forward - 65:00
Defense - 65:00

% Time on Ice - Avalanche

Lines # - Real PCT - Wanted PCT - Time Play
Normal Forward
1 - 38% - 40% - 18:03
2 - 28% - 30% - 13:13
3 - 21% - 20% - 10:02
4 - 12% - 10% - 5:39
Normal Defense
1 - 34% - 40% - 15:59
2 - 35% - 30% - 16:23
3 - 27% - 20% - 12:50
4 - 4% - 10% - 1:45
PP Forward
1 - 50% - 60% - 2:40
2 - 50% - 40% - 2:38
PP Defense
1 - 52% - 60% - 2:45
2 - 48% - 40% - 2:33
PK Forward
1 - 66% - 60% - 5:08
2 - 34% - 40% - 2:37
PK Defense
1 - 59% - 60% - 4:33
2 - 41% - 40% - 3:12
PK3 Forward
1 - 0% - 60%
2 - 0% - 40%
PK3 Defense
1 - 0% - 60%
2 - 0% - 40%
44 Forward
1 - 68% - 60% - 3:23
2 - 32% - 40% - 1:37
44 Defense
1 - 61% - 60% - 3:02
2 - 39% - 40% - 1:58
Last Minute Offensive  - 0:00
Last Minute Defensive  - 0:00
Total
Forward - 65:00
Defense - 65:00

Play by Play

1st period


0:01 of 1st period - Derek Stepan wins face-off versus Darren Helm in neutral zone.
0:32 of 1st period - Shot by Zach Parise.
0:32 of 1st period - Stopped by Antti Niemi with a rebound.
0:51 of 1st period - Icing by Michael Del Zotto.
0:52 of 1st period - Derek Stepan wins face-off versus Simon Gagne in Avalanche zone.
1:11 of 1st period - Shot by Chris Campoli.
1:11 of 1st period - Deflect By Simon Gagne.
1:11 of 1st period - Shot Misses the Net.
1:15 of 1st period - Shot by Simon Gagne.
1:15 of 1st period - Stopped by Antti Niemi without a rebound.
1:16 of 1st period - Cody Hodgson wins face-off versus Jay McClement in Avalanche zone.
1:16 of 1st period - Milan Jurcina is hit by Brandon Yip and loses puck.
1:40 of 1st period - Icing by Mark Eaton.
1:41 of 1st period - Jay McClement wins face-off versus Kyle Turris in BlackHawks zone.
1:47 of 1st period - Jay McClement is hit by John Carlson.
2:00 of 1st period - Jay McClement is hit by Matt Gilroy and loses puck.
2:16 of 1st period - Icing by Louis Leblanc.
2:17 of 1st period - Justin Abdelkader wins face-off versus Samuel Pahlsson in BlackHawks zone.
2:21 of 1st period - Icing by Louis Leblanc.
2:22 of 1st period - Samuel Pahlsson wins face-off versus Justin Abdelkader in BlackHawks zone.
2:38 of 1st period - Shot by Matt Halischuk.
2:38 of 1st period - Deflect By Justin Abdelkader.
2:38 of 1st period - Shot Misses the Net.
2:40 of 1st period - Shot by Matt Halischuk.
2:40 of 1st period - Stopped by Martin Brodeur with a rebound.
3:00 of 1st period - Shot by Samuel Pahlsson.
3:00 of 1st period - Stopped by Antti Niemi without a rebound.
3:01 of 1st period - Tyler Kennedy wins face-off versus Cody Hodgson in Avalanche zone.
3:01 of 1st period - Tyler Kennedy is hit by Brayden McNabb.
3:06 of 1st period - Icing by Milan Jurcina.
3:07 of 1st period - Cody Hodgson wins face-off versus Darren Helm in Avalanche zone.
3:20 of 1st period - Shot by Chris Stewart.
3:20 of 1st period - Shot Misses the Net.
3:22 of 1st period - Shot by Cody Hodgson.
3:22 of 1st period - Stopped by Martin Brodeur with a rebound.
3:38 of 1st period - Shot by Chris Stewart.
3:38 of 1st period - Stopped by Martin Brodeur with a rebound.
3:46 of 1st period - Shot by Brayden Schenn.
3:46 of 1st period - Goal by Brayden Schenn - BlackHawks : 0 - Avalanche : 1.
3:47 of 1st period - Derek Stepan wins face-off versus Tyler Kennedy in neutral zone.
3:59 of 1st period - Simon Gagne is hit by Michael Del Zotto and loses puck.
4:07 of 1st period - Tyler Kennedy is hit by Michael Del Zotto and loses puck.
4:08 of 1st period - Minor Penalty to Kevin Shattenkirk for High sticking.
4:09 of 1st period - Darren Helm wins face-off versus Kyle Turris in Avalanche zone.
4:30 of 1st period - Shot by Brett Clark.
4:30 of 1st period - Shot Blocked by John Carlson.
4:32 of 1st period - Shot by Zach Parise.
4:32 of 1st period - Deflect By Bryan Little.
4:32 of 1st period - Shot Blocked by John Carlson.
4:34 of 1st period - Shot by Zach Parise.
4:34 of 1st period - Shot Hit the Post.
4:36 of 1st period - Shot by Zach Parise.
4:36 of 1st period - Stopped by Antti Niemi without a rebound.
4:37 of 1st period - Mika Zibanejad wins face-off versus Kyle Turris in Avalanche zone.
4:40 of 1st period - Shot by Jack Hillen.
4:40 of 1st period - Shot Misses the Net.
4:46 of 1st period - Shot by Simon Gagne.
4:46 of 1st period - Shot Misses the Net.
4:48 of 1st period - Shot by Simon Gagne.
4:48 of 1st period - Stopped by Antti Niemi without a rebound.
4:49 of 1st period - Derek Stepan wins face-off versus Mika Zibanejad in Avalanche zone.
4:57 of 1st period - Icing by Jack Hillen.
4:58 of 1st period - Mika Zibanejad wins face-off versus Kyle Turris in BlackHawks zone.
4:58 of 1st period - Mika Zibanejad is hit by Kyle Turris.
5:56 of 1st period - Shot by Bryan Little.
5:56 of 1st period - Goal by Bryan Little - BlackHawks : 1 - Avalanche : 1.
5:57 of 1st period - Samuel Pahlsson wins face-off versus Cody Hodgson in neutral zone.
6:05 of 1st period - Icing by John Carlson.
6:06 of 1st period - Darren Helm wins face-off versus Cody Hodgson in Avalanche zone.
6:09 of 1st period - Shot by Bryan Little.
6:09 of 1st period - Stopped by Antti Niemi without a rebound.
6:10 of 1st period - Derek Stepan wins face-off versus Darren Helm in Avalanche zone.
6:10 of 1st period - Derek Stepan is hit by Zach Parise.
6:43 of 1st period - Bryan Little is hit by Michael Del Zotto and loses puck.
6:59 of 1st period - Icing by Anton Babchuk.
7:00 of 1st period - Kyle Turris wins face-off versus Darren Helm in BlackHawks zone.
7:00 of 1st period - John Carlson is hit by P.K. Subban and loses puck.
7:34 of 1st period - Icing by P.K. Subban.
7:35 of 1st period - Darren Helm wins face-off versus Cody Hodgson in BlackHawks zone.
8:53 of 1st period - Shot by Brandon Yip.
8:53 of 1st period - Shot Blocked by Michael Del Zotto.
9:34 of 1st period - Icing by John Carlson.
9:35 of 1st period - Samuel Pahlsson wins face-off versus Kyle Turris in Avalanche zone.
9:42 of 1st period - Shot by Daniel Paille.
9:42 of 1st period - Shot Misses the Net.
10:03 of 1st period - Teemu Selanne is hit by Chris Campoli and loses puck.
11:30 of 1st period - Shot by Zach Parise.
11:30 of 1st period - Stopped by Antti Niemi without a rebound.
11:31 of 1st period - Cody Hodgson wins face-off versus Jay McClement in Avalanche zone.
11:33 of 1st period - Icing by John Carlson.
11:34 of 1st period - Bryan Little wins face-off versus Cody Hodgson in Avalanche zone.
11:37 of 1st period - Shot by Darren Helm.
11:37 of 1st period - Shot Misses the Net.
11:45 of 1st period - Shot by Chris Stewart.
11:45 of 1st period - Stopped by Martin Brodeur without a rebound.
11:46 of 1st period - Kyle Turris wins face-off versus Jay McClement in BlackHawks zone.
12:11 of 1st period - Off-side.
12:12 of 1st period - Darren Helm wins face-off versus Derek Stepan in neutral zone.
12:44 of 1st period - Matt Gilroy is hit by Brett Clark and loses puck.
13:53 of 1st period - Shot by Kyle Turris.
13:53 of 1st period - Shot Blocked by Jamie McGinn.
15:23 of 1st period - Shot by Louis Leblanc.
15:23 of 1st period - Shot Misses the Net.
15:25 of 1st period - Shot by Louis Leblanc.
15:25 of 1st period - Goal by Louis Leblanc - BlackHawks : 2 - Avalanche : 1.
15:26 of 1st period - Darren Helm wins face-off versus Derek Stepan in neutral zone.
15:36 of 1st period - Icing by Darren Helm.
15:37 of 1st period - Kyle Turris wins face-off versus Darren Helm in BlackHawks zone.
15:38 of 1st period - Shot by Teemu Selanne.
15:38 of 1st period - Shot Hit the Post.
15:41 of 1st period - Icing by P.K. Subban.
15:42 of 1st period - Derek Stepan wins face-off versus Darren Helm in BlackHawks zone.
15:49 of 1st period - Shot by P.K. Subban.
15:49 of 1st period - Stopped by Antti Niemi with a rebound.
16:28 of 1st period - Michael Del Zotto is hit by Anton Babchuk and loses puck.
17:08 of 1st period - Icing by Derek Stepan.
17:09 of 1st period - Jay McClement wins face-off versus Derek Stepan in Avalanche zone.
17:39 of 1st period - Shot by Brandon Yip.
17:39 of 1st period - Shot Blocked by Marian Hossa.
17:41 of 1st period - Shot by Jay McClement.
17:41 of 1st period - Shot Misses the Net.
17:43 of 1st period - Shot by Jay McClement.
17:43 of 1st period - Shot Blocked by Kevin Shattenkirk.
17:45 of 1st period - Shot by Jay McClement.
17:45 of 1st period - Goal by Jay McClement - BlackHawks : 3 - Avalanche : 1.
17:46 of 1st period - Darren Helm wins face-off versus Kyle Turris in neutral zone.
18:07 of 1st period - Shot by Zach Parise.
18:07 of 1st period - Stopped by Antti Niemi without a rebound.
18:08 of 1st period - Cody Hodgson wins face-off versus Tyler Kennedy in Avalanche zone.
18:24 of 1st period - Icing by P.K. Subban.
18:25 of 1st period - Kyle Turris wins face-off versus Tyler Kennedy in BlackHawks zone.
18:42 of 1st period - Shot by Teemu Selanne.
18:42 of 1st period - Stopped by Martin Brodeur without a rebound.
18:43 of 1st period - Justin Abdelkader wins face-off versus Bryan Little in BlackHawks zone.
18:51 of 1st period - Justin Abdelkader is hit by Mark Eaton and loses puck.
19:08 of 1st period - Brayden McNabb is hit by Darren Helm and loses puck.
19:13 of 1st period - Shot by Bryan Little.
19:13 of 1st period - Stopped by Antti Niemi without a rebound.
19:14 of 1st period - Tyler Kennedy wins face-off versus Kyle Turris in Avalanche zone.
19:29 of 1st period - Simon Gagne is hit by Marcus Foligno and loses puck.
19:35 of 1st period - Jack Hillen is hit by Matt Gilroy and loses puck.

2nd period


0:01 of 2nd period - Derek Stepan wins face-off versus Darren Helm in neutral zone.
0:01 of 2nd period - Kevin Shattenkirk is hit by Darren Helm and loses puck.
0:09 of 2nd period - Marian Hossa is hit by P.K. Subban and loses puck.
0:21 of 2nd period - Darren Helm is hit by Michael Del Zotto and loses puck.
0:35 of 2nd period - Zach Parise is hit by Derek Stepan and loses puck.
1:58 of 2nd period - Icing by Brandon Yip.
1:59 of 2nd period - Cody Hodgson wins face-off versus Jay McClement in BlackHawks zone.
2:09 of 2nd period - Icing by Mark Eaton.
2:10 of 2nd period - Justin Abdelkader wins face-off versus Brandon Yip in BlackHawks zone.
2:10 of 2nd period - Brayden McNabb is hit by Mark Eaton and loses puck.
2:30 of 2nd period - Brandon Yip is hit by Brayden McNabb and loses puck.
2:33 of 2nd period - Shot by Jay McClement.
2:33 of 2nd period - Shot Misses the Net.
2:40 of 2nd period - Minor Penalty to Brayden McNabb for Slashing.
2:41 of 2nd period - Darren Helm wins face-off versus Kyle Turris in Avalanche zone.
3:08 of 2nd period - Shot by Darren Helm.
3:08 of 2nd period - Shot Misses the Net.
3:10 of 2nd period - Shot by Darren Helm.
3:10 of 2nd period - Shot Misses the Net.
3:18 of 2nd period - Shot by Bryan Little.
3:18 of 2nd period - Stopped by Antti Niemi without a rebound.
3:19 of 2nd period - Kyle Turris wins face-off versus Mika Zibanejad in Avalanche zone.
4:32 of 2nd period - Shot by Zach Parise.
4:32 of 2nd period - Shot Blocked by Marian Hossa.
4:40 of 2nd period - Shot by Bryan Little.
4:40 of 2nd period - Deflect By Louis Leblanc.
4:40 of 2nd period - Stopped by Antti Niemi without a rebound.
4:41 of 2nd period - Samuel Pahlsson wins face-off versus Kyle Turris in Avalanche zone.
4:59 of 2nd period - Icing by Anton Babchuk.
5:00 of 2nd period - Brayden Schenn wins face-off versus Samuel Pahlsson in BlackHawks zone.
5:05 of 2nd period - Shot by Cody Hodgson.
5:05 of 2nd period - Stopped by Martin Brodeur with a rebound.
5:07 of 2nd period - Shot by Brayden McNabb.
5:07 of 2nd period - Shot Misses the Net.
5:26 of 2nd period - Icing by Anton Babchuk.
5:27 of 2nd period - Kyle Turris wins face-off versus Samuel Pahlsson in BlackHawks zone.
6:09 of 2nd period - Icing by P.K. Subban.
6:10 of 2nd period - Darren Helm wins face-off versus Derek Stepan in BlackHawks zone.
6:10 of 2nd period - Darren Helm is hit by Derek Stepan.
6:25 of 2nd period - Off-side.
6:26 of 2nd period - Tyler Kennedy wins face-off versus Brayden Schenn in neutral zone.
6:45 of 2nd period - Shot by Simon Gagne.
6:45 of 2nd period - Shot Misses the Net.
6:47 of 2nd period - Shot by Brett Clark.
6:47 of 2nd period - Stopped by Antti Niemi without a rebound.
6:48 of 2nd period - Derek Stepan wins face-off versus Darren Helm in Avalanche zone.
6:58 of 2nd period - Icing by Derek Stepan.
6:59 of 2nd period - Derek Stepan wins face-off versus Tyler Kennedy in Avalanche zone.
7:22 of 2nd period - Shot by Marian Hossa.
7:22 of 2nd period - Shot Hit the Post.
7:25 of 2nd period - Icing by Chris Campoli.
7:26 of 2nd period - Kyle Turris wins face-off versus Tyler Kennedy in BlackHawks zone.
7:26 of 2nd period - Kyle Turris is hit by Chris Campoli.
7:43 of 2nd period - Off-side.
7:44 of 2nd period - Darren Helm wins face-off versus Derek Stepan in neutral zone.
8:10 of 2nd period - Shot by Bryan Little.
8:10 of 2nd period - Stopped by Antti Niemi with a rebound.
8:12 of 2nd period - Shot by Darren Helm.
8:12 of 2nd period - Shot Misses the Net.
8:14 of 2nd period - Shot by P.K. Subban.
8:14 of 2nd period - Shot Blocked by Marcus Johansson.
8:18 of 2nd period - Shot by Darren Helm.
8:18 of 2nd period - Shot Misses the Net.
8:20 of 2nd period - Shot by Darren Helm.
8:20 of 2nd period - Stopped by Antti Niemi without a rebound.
8:21 of 2nd period - Marcus Foligno wins face-off versus Jay McClement in Avalanche zone.
8:21 of 2nd period - Minor Penalty to Brandon Yip for Hooking.
8:22 of 2nd period - Kyle Turris wins face-off versus Zach Parise in BlackHawks zone.
8:31 of 2nd period - Shot by Michael Del Zotto.
8:31 of 2nd period - Goal by Michael Del Zotto - BlackHawks : 3 - Avalanche : 2.
8:32 of 2nd period - Brayden Schenn wins face-off versus Jay McClement in neutral zone.
8:43 of 2nd period - Shot by Cody Hodgson.
8:43 of 2nd period - Shot Misses the Net.
8:46 of 2nd period - Minor Penalty to Brandon Yip for Hooking.
8:47 of 2nd period - Zach Parise wins face-off versus Derek Stepan in BlackHawks zone.
10:00 of 2nd period - Icing by Kevin Shattenkirk.
10:01 of 2nd period - Kyle Turris wins face-off versus Zach Parise in Avalanche zone.
10:58 of 2nd period - Shot by Jamie McGinn.
10:58 of 2nd period - Shot Blocked by Milan Jurcina.
11:00 of 2nd period - Shot by Chris Campoli.
11:00 of 2nd period - Shot Blocked by Brayden McNabb.
11:06 of 2nd period - Shot by Chris Campoli.
11:06 of 2nd period - Stopped by Antti Niemi without a rebound.
11:07 of 2nd period - Jay McClement wins face-off versus Justin Abdelkader in Avalanche zone.
11:21 of 2nd period - Justin Abdelkader is hit by P.K. Subban and loses puck.
11:51 of 2nd period - Icing by John Carlson.
11:52 of 2nd period - Jamie McGinn wins face-off versus Justin Abdelkader in Avalanche zone.
12:44 of 2nd period - Shot by Marian Hossa.
12:44 of 2nd period - Goal by Marian Hossa - BlackHawks : 3 - Avalanche : 3.
12:45 of 2nd period - Kyle Turris wins face-off versus Darren Helm in neutral zone.
12:59 of 2nd period - Teemu Selanne is hit by P.K. Subban and loses puck.
13:18 of 2nd period - Shot by Darren Helm.
13:18 of 2nd period - Shot Blocked by Brayden McNabb.
13:25 of 2nd period - Teemu Selanne is hit by P.K. Subban.
13:26 of 2nd period - Minor Penalty to P.K. Subban for Boarding.
13:27 of 2nd period - Zach Parise wins face-off versus Marcus Johansson in BlackHawks zone.
13:41 of 2nd period - Icing by Marian Hossa.
13:42 of 2nd period - Derek Stepan wins face-off versus Louis Leblanc in Avalanche zone.
14:06 of 2nd period - Shot by Marian Hossa.
14:06 of 2nd period - Stopped by Martin Brodeur without a rebound.
14:07 of 2nd period - Kyle Turris wins face-off versus Jay McClement in BlackHawks zone.
15:29 of 2nd period - Shot by Mika Zibanejad.
15:29 of 2nd period - Shot Misses the Net.
15:31 of 2nd period - Shot by Jay McClement.
15:31 of 2nd period - Shot Misses the Net.
15:44 of 2nd period - Jay McClement is hit by Chris Stewart.
15:55 of 2nd period - Cody Hodgson is hit by P.K. Subban and loses puck.
16:12 of 2nd period - Brett Clark is hit by Chris Stewart and loses puck.
16:29 of 2nd period - Shot by Tyler Kennedy.
16:29 of 2nd period - Shot Misses the Net.
16:31 of 2nd period - Shot by Simon Gagne.
16:31 of 2nd period - Shot Misses the Net.
16:33 of 2nd period - Shot by Jamie McGinn.
16:33 of 2nd period - Shot Blocked by Milan Jurcina.
16:40 of 2nd period - Off-side.
16:41 of 2nd period - Marcus Johansson wins face-off versus Darren Helm in neutral zone.
17:22 of 2nd period - Icing by P.K. Subban.
17:23 of 2nd period - Darren Helm wins face-off versus Kyle Turris in BlackHawks zone.
17:34 of 2nd period - Teemu Selanne is hit by Darren Helm and loses puck.
17:53 of 2nd period - Shot by Jamie McGinn.
17:53 of 2nd period - Shot Misses the Net.
17:55 of 2nd period - Shot by Simon Gagne.
17:55 of 2nd period - Stopped by Antti Niemi without a rebound.
17:56 of 2nd period - Justin Abdelkader wins face-off versus Jay McClement in Avalanche zone.
18:13 of 2nd period - Shot by Matt Halischuk.
18:13 of 2nd period - Stopped by Martin Brodeur without a rebound.
18:14 of 2nd period - Tyler Kennedy wins face-off versus Derek Stepan in BlackHawks zone.
18:24 of 2nd period - Marian Hossa is hit by Brett Clark and loses puck.
18:38 of 2nd period - Icing by Brett Clark.
18:39 of 2nd period - Kyle Turris wins face-off versus Tyler Kennedy in BlackHawks zone.
18:42 of 2nd period - Shot by Marcus Foligno.
18:42 of 2nd period - Shot Misses the Net.
18:50 of 2nd period - Shot by Kyle Turris.
18:50 of 2nd period - Shot Misses the Net.
19:19 of 2nd period - Off-side.
19:20 of 2nd period - Derek Stepan wins face-off versus Darren Helm in neutral zone.
19:29 of 2nd period - Darren Helm is hit by John Carlson and loses puck.
19:58 of 2nd period - Shot by Zach Parise.
19:58 of 2nd period - Goal by Zach Parise - BlackHawks : 4 - Avalanche : 3.
19:59 of 2nd period - Jay McClement wins face-off versus Chris Stewart in neutral zone.

3rd period


0:01 of 3rd period - Derek Stepan wins face-off versus Darren Helm in neutral zone.
0:22 of 3rd period - Shot by Marian Hossa.
0:22 of 3rd period - Stopped by Martin Brodeur without a rebound.
0:23 of 3rd period - Tyler Kennedy wins face-off versus Kyle Turris in BlackHawks zone.
0:32 of 3rd period - Shot by Simon Gagne.
0:32 of 3rd period - Stopped by Antti Niemi without a rebound.
0:33 of 3rd period - Derek Stepan wins face-off versus Darren Helm in Avalanche zone.
0:41 of 3rd period - Icing by Zach Parise.
0:42 of 3rd period - Darren Helm wins face-off versus Derek Stepan in BlackHawks zone.
0:51 of 3rd period - Shot by Zach Parise.
0:51 of 3rd period - Shot Misses the Net.
0:53 of 3rd period - Shot by Zach Parise.
0:53 of 3rd period - Stopped by Antti Niemi without a rebound.
0:54 of 3rd period - Kyle Turris wins face-off versus Jay McClement in Avalanche zone.
0:59 of 3rd period - Shot by Kyle Turris.
0:59 of 3rd period - Stopped by Martin Brodeur without a rebound.
1:00 of 3rd period - Darren Helm wins face-off versus Derek Stepan in BlackHawks zone.
1:28 of 3rd period - Shot by Bryan Little.
1:28 of 3rd period - Deflect By Zach Parise.
1:28 of 3rd period - Stopped by Antti Niemi without a rebound.
1:29 of 3rd period - Kyle Turris wins face-off versus Tyler Kennedy in Avalanche zone.
1:34 of 3rd period - Shot by Teemu Selanne.
1:34 of 3rd period - Stopped by Martin Brodeur without a rebound.
1:35 of 3rd period - Jay McClement wins face-off versus Marcus Foligno in BlackHawks zone.
1:50 of 3rd period - Shot by Brandon Yip.
1:50 of 3rd period - Shot Misses the Net.
1:56 of 3rd period - Shot by Teemu Selanne.
1:56 of 3rd period - Stopped by Martin Brodeur without a rebound.
1:57 of 3rd period - Derek Stepan wins face-off versus Darren Helm in BlackHawks zone.
2:01 of 3rd period - Icing by P.K. Subban.
2:02 of 3rd period - Darren Helm wins face-off versus Marcus Johansson in BlackHawks zone.
2:11 of 3rd period - Shot by Darren Helm.
2:11 of 3rd period - Shot Misses the Net.
3:23 of 3rd period - Shot by Simon Gagne.
3:23 of 3rd period - Shot Misses the Net.
3:25 of 3rd period - Shot by Simon Gagne.
3:25 of 3rd period - Shot Misses the Net.
3:27 of 3rd period - Shot by Simon Gagne.
3:27 of 3rd period - Shot Blocked by John Carlson.
3:29 of 3rd period - Shot by Chris Campoli.
3:29 of 3rd period - Shot Misses the Net.
3:34 of 3rd period - Simon Gagne is hit by John Carlson and loses puck.
3:43 of 3rd period - Shot by Simon Gagne.
3:43 of 3rd period - Shot Misses the Net.
4:16 of 3rd period - Milan Jurcina is hit by Mika Zibanejad and loses puck.
4:38 of 3rd period - Off-side.
4:39 of 3rd period - Derek Stepan wins face-off versus Samuel Pahlsson in neutral zone.
4:41 of 3rd period - Michael Del Zotto is hit by Brett Clark and loses puck.
5:48 of 3rd period - Shot by Matt Halischuk.
5:48 of 3rd period - Stopped by Martin Brodeur without a rebound.
5:49 of 3rd period - Kyle Turris wins face-off versus Tyler Kennedy in BlackHawks zone.
6:43 of 3rd period - Shot by Brayden Schenn.
6:43 of 3rd period - Shot Misses the Net.
6:46 of 3rd period - Chris Stewart is hit by Anton Babchuk and loses puck.
6:54 of 3rd period - Minor Penalty to Mark Eaton for Hooking.
6:55 of 3rd period - Derek Stepan wins face-off versus Zach Parise in BlackHawks zone.
7:24 of 3rd period - Shot by Kevin Shattenkirk.
7:24 of 3rd period - Stopped by Martin Brodeur without a rebound.
7:25 of 3rd period - Kyle Turris wins face-off versus Zach Parise in BlackHawks zone.
7:25 of 3rd period - Teemu Selanne is hit by Jack Hillen and loses puck.
7:44 of 3rd period - Off-side.
7:45 of 3rd period - Derek Stepan wins face-off versus Zach Parise in neutral zone.
8:04 of 3rd period - Shot by Michael Del Zotto.
8:04 of 3rd period - Goal by Michael Del Zotto - BlackHawks : 4 - Avalanche : 4.
8:05 of 3rd period - Cody Hodgson wins face-off versus Jay McClement in neutral zone.
9:35 of 3rd period - Minor Penalty to Derek Stepan for Hooking.
9:36 of 3rd period - Kyle Turris wins face-off versus Mika Zibanejad in Avalanche zone.
9:57 of 3rd period - Shot by P.K. Subban.
9:57 of 3rd period - Stopped by Antti Niemi without a rebound.
9:58 of 3rd period - Darren Helm wins face-off versus Kyle Turris in Avalanche zone.
10:01 of 3rd period - Shot by Bryan Little.
10:01 of 3rd period - Shot Misses the Net.
10:05 of 3rd period - Shot by Zach Parise.
10:05 of 3rd period - Shot Misses the Net.
10:07 of 3rd period - Shot by Zach Parise.
10:07 of 3rd period - Shot Misses the Net.
10:11 of 3rd period - Shot by Zach Parise.
10:11 of 3rd period - Shot Blocked by Brayden McNabb.
10:31 of 3rd period - Marian Hossa is hit by Darren Helm and loses puck.
10:48 of 3rd period - Shot by Simon Gagne.
10:48 of 3rd period - Deflect By Jamie McGinn.
10:48 of 3rd period - Stopped by Antti Niemi without a rebound.
10:49 of 3rd period - Kyle Turris wins face-off versus Mika Zibanejad in Avalanche zone.
11:42 of 3rd period - Samuel Pahlsson is hit by Brayden McNabb and loses puck.
12:03 of 3rd period - Shot by Justin Abdelkader.
12:03 of 3rd period - Stopped by Martin Brodeur without a rebound.
12:04 of 3rd period - Derek Stepan wins face-off versus Tyler Kennedy in BlackHawks zone.
12:10 of 3rd period - Derek Stepan is hit by P.K. Subban and loses puck.
12:26 of 3rd period - Derek Stepan is hit by P.K. Subban and loses puck.
12:30 of 3rd period - Icing by Tyler Kennedy.
12:31 of 3rd period - Cody Hodgson wins face-off versus Tyler Kennedy in BlackHawks zone.
13:01 of 3rd period - Icing by Kevin Shattenkirk.
13:02 of 3rd period - Cody Hodgson wins face-off versus Darren Helm in Avalanche zone.
13:07 of 3rd period - Chris Campoli is hit by Chris Stewart and loses puck.
13:11 of 3rd period - Icing by Bryan Little.
13:12 of 3rd period - Zach Parise wins face-off versus Derek Stepan in BlackHawks zone.
13:17 of 3rd period - Marian Hossa is hit by Zach Parise and loses puck.
13:43 of 3rd period - Icing by Chris Campoli.
13:44 of 3rd period - Kyle Turris wins face-off versus Bryan Little in BlackHawks zone.
16:14 of 3rd period - Minor Penalty to Milan Jurcina for Holding.
16:15 of 3rd period - Darren Helm wins face-off versus Kyle Turris in Avalanche zone.
16:16 of 3rd period - Shot by Zach Parise.
16:16 of 3rd period - Shot Misses the Net.
16:18 of 3rd period - Shot by Chris Campoli.
16:18 of 3rd period - Shot Misses the Net.
16:22 of 3rd period - Shot by Brett Clark.
16:22 of 3rd period - Shot Misses the Net.
16:24 of 3rd period - Shot by Chris Campoli.
16:24 of 3rd period - Shot Misses the Net.
16:26 of 3rd period - Shot by Darren Helm.
16:26 of 3rd period - Stopped by Antti Niemi without a rebound.
16:27 of 3rd period - Darren Helm wins face-off versus Kyle Turris in Avalanche zone.
16:59 of 3rd period - Shot by Brett Clark.
16:59 of 3rd period - Shot Blocked by John Carlson.
17:16 of 3rd period - Darren Helm is hit by Kevin Shattenkirk and loses puck.
17:30 of 3rd period - Icing by Jamie McGinn.
17:31 of 3rd period - Mika Zibanejad wins face-off versus Kyle Turris in BlackHawks zone.
18:37 of 3rd period - Icing by Milan Jurcina.
18:38 of 3rd period - Justin Abdelkader wins face-off versus Darren Helm in Avalanche zone.
18:53 of 3rd period - Ryan White is hit by Chris Campoli and loses puck.
18:58 of 3rd period - Shot by Milan Jurcina.
18:58 of 3rd period - Stopped by Martin Brodeur with a rebound.
19:33 of 3rd period - Icing by Brett Clark.
19:34 of 3rd period - Darren Helm wins face-off versus Kyle Turris in BlackHawks zone.
19:50 of 3rd period - Shot by Kyle Turris.
19:50 of 3rd period - Stopped by Martin Brodeur without a rebound.
19:51 of 3rd period - Cody Hodgson wins face-off versus Tyler Kennedy in BlackHawks zone.

Overtime #1


0:01 of 1st overtime period - Zach Parise wins face-off versus Matt Halischuk in neutral zone.
0:31 of 1st overtime period - Icing by Zach Parise.
0:32 of 1st overtime period - Matt Halischuk wins face-off versus Zach Parise in BlackHawks zone.
2:21 of 1st overtime period - Zach Parise is hit by Ryan White and loses puck.
2:36 of 1st overtime period - Shot by Zach Parise.
2:36 of 1st overtime period - Shot Misses the Net.
2:45 of 1st overtime period - Off-side.
2:46 of 1st overtime period - Kyle Turris wins face-off versus Simon Gagne in neutral zone.
4:40 of 1st overtime period - Shot by Derek Stepan.
4:40 of 1st overtime period - Stopped by Martin Brodeur without a rebound.
4:41 of 1st overtime period - Samuel Pahlsson wins face-off versus Kyle Turris in BlackHawks zone.
4:50 of 1st overtime period - Shot by Jamie McGinn.
4:50 of 1st overtime period - Stopped by Antti Niemi without a rebound.
4:51 of 1st overtime period - Samuel Pahlsson wins face-off versus Kyle Turris in Avalanche zone.

ShootOut


5:00 of 1st overtime period - Penalty Shot by Zach Parise for BlackHawks.
5:00 of 1st overtime period - Stopped by Antti Niemi.
5:00 of 1st overtime period - Penalty Shot by Marian Hossa for Avalanche.
5:00 of 1st overtime period - Shot Misses the Net.
5:00 of 1st overtime period - Penalty Shot by Bryan Little for BlackHawks.
5:00 of 1st overtime period - Goal by Bryan Little.
5:00 of 1st overtime period - Penalty Shot by Teemu Selanne for Avalanche.
5:00 of 1st overtime period - Shot Misses the Net.
5:00 of 1st overtime period - Penalty Shot by Jamie McGinn for BlackHawks.
5:00 of 1st overtime period - Goal by Jamie McGinn.


Output by the SimonT Hockey Simulator (STHS) for Stephane Roy -- Original Page W3C XHTML 1.0 Valid
Hockey Simulator - Hockey Simulation - Hockey Manager